 Dungeon Crawl Stone Soup version 0.28.0-43-g3370ac3207 (webtiles) character file.

Game seed: 16597093681305974989

11 terff the Sneak (level 2, 0/19 HPs)
             Began as an Octopode Brigand on Mar 20, 2022.
             Was a Follower of Trog.
             Slain by a bat (1 damage)
             ... on level 1 of the Dungeon.
             The game lasted 00:01:14 (521 turns).

terff the Sneak (Octopode Brigand)                   Turns: 521, Time: 00:01:16

Health: 0/19       AC:  1    Str: 10    XL:     2   Next: 25%
Magic:  11/11      EV: 12    Int: 13    God:    Trog [*.....]
Gold:   53         SH:  0    Dex: 13    Spells: 1/1 levels left

rFire   . . .      SeeInvis .   a - +2 dagger
rCold   . . .      Faith    .   (no shield)
rNeg    . . .      Spirit   .   (helmet restricted)
rPois   .          Reflect  .   (no amulet)
rElec   .          Harm     .   d - ring of magical power
rCorr   .          Rampage  .   (no ring)
Will    .....                   (no ring)
Stlth   ++++......              (no ring)
HPRegen 0.06/turn               (no ring)
MPRegen 0.12/turn               (no ring)
                                (no ring)
                                (no ring)

@: no status effects
A: almost no armour, amphibious, 8 rings, camouflage 1, gelatinous body 1,
(nimble swimmer 1), tentacles
a: Renounce Religion, Berserk


You were on level 1 of the Dungeon.
You worshipped Trog.
Trog was aware of your devotion.
You visited 1 branch of the dungeon, and saw 1 of its levels.

You collected 53 gold pieces.

Inventory:

Hand Weapons
 a - a +2 dagger (weapon)
Missiles
 b - 8 poisoned darts (quivered)
 c - 2 curare-tipped darts
Jewellery
 d - a ring of magical power (left tentacle)
Potions
 f - a potion of brilliance {unknown}


   Skills:
 + Level 2.0 Fighting
 + Level 2.1 Short Blades
 + Level 2.0 Throwing
 + Level 1.0 Dodging
 + Level 6.0 Stealth


You had one spell level left.
You didn't know any spells.
Your spell library contained the following spells:

 Spells                   Type           Power      Damage    Failure   Level
 Foxfire                  Conj/Fire      0%         2x1d4     30%         1


Dungeon Overview and Level Annotations

Branches:
Dungeon (1/15)

Altars:
Trog


Innate Abilities, Weirdness & Mutations

You cannot wear most types of armour.
You are amphibious.
You can wear up to eight rings at the same time.
Your skin changes colour to match your surroundings (Stealth+).
Your rubbery body absorbs attacks. (AC +1, EV +1)
((You are camouflaged when in or above water. (Stealth+)))
You have tentacles for arms and can constrict up to eight enemies at once.


Message History

The bat hits you but does no damage. The bat misses you. The bat hits you.
The bat hits you but does no damage. The bat hits you but does no damage.
The bat barely misses you. The rat barely misses you. The bat misses you.
The bat closely misses you. The bat misses you.
The rat bites you but does no damage. The bat hits you. The rat misses you.
The rat closely misses you. The bat barely misses you.
The rat barely misses you. The bat hits you but does no damage.
The rat barely misses you. The bat completely misses you.
The rat closely misses you. The rat bites you. The bat hits you.
The bat misses you. The rat closely misses you. The bat closely misses you.
The rat closely misses you. The bat misses you. The rat bites you.
The rat misses you. The bat hits you but does no damage. The rat bites you.
The bat closely misses you. The rat closely misses you.
The bat barely misses you. The rat closely misses you. The rat bites you.
The bat misses you. The bat misses you. The rat barely misses you.
The bat hits you but does no damage. The rat bites you but does no damage.
The bat hits you. The rat bites you. The bat hits you. The rat misses you.
The bat hits you.
* * * LOW HITPOINT WARNING * * *
The rat misses you. The bat barely misses you. The rat misses you.
The bat hits you.
* * * LOW HITPOINT WARNING * * *
The bat barely misses you. The rat bites you.
* * * LOW HITPOINT WARNING * * *
The bat hits you.
* * * LOW HITPOINT WARNING * * *
The rat closely misses you. The rat barely misses you. The bat hits you.
You die...

##.# #.#
##'##
##...##
##.....##
##....>..##
#.........#
+......b.r+
#.......@.#
##.......##
##.....##
##...##
##+##


You could see a bat and a rat.

Vanquished Creatures
  4 ball pythons (D:1)
  A bat (D:1)
  An endoplasm (D:1)
  A giant cockroach (D:1)
  A hobgoblin (D:1)
  A rat (D:1)
9 creatures vanquished.

Notes
Turn   | Place    | Note
-------+----------+-------------------------------------------
     0 | D:1      | terff the Octopode Brigand began the quest for the Orb.
     0 | D:1      | Reached XP level 1. HP: 14/14 MP: 1/1
   252 | D:1      | Reached XP level 2. HP: 19/19 MP: 2/2
   376 | D:1      | Reached skill level 6 in Stealth
   421 | D:1      | Found a faded altar of an unknown god.
   433 | D:1      | Got Plato's Almanac of Ignition
   436 | D:1      | Prayed at the altar of an unknown god.
   436 | D:1      | Became a worshipper of Trog the Wrathful
   436 | D:1      | Reached * piety under Trog
   521 | D:1      | Slain by a bat

Illustrated notes

Levels and vault maps discovered:
D:1:      minmay_arrival_arboretum_small, layout_loops_corners,
          shapermc_ecumenical_altar_rom_forum, minmay_misc_feat_encased

Skill      XL: |  1  2 |
---------------+-------+-----
Stealth        | 6 |  6.0
Fighting       | |  2.0
Short Blades   | |  2.1
Throwing       | |  2.0
Dodging        | |  1.0

Action                   || total
-------------------------++-------
Melee: Dagger            ||    16
       Constrict         ||     6
       Tentacles         ||     4
  Use: Scroll            ||     1
 Stab: Sleeping          ||     1
Armor: Skin              ||     9
Dodge: Dodged            ||    56
